 Dungeon Crawl Stone Soup version 0.23-a0-303-gfcac5de (webtiles) character file.

599 Amnesiac the Digger (level 7, -3/61 HPs)
             Began as a Troll Earth Elementalist on Oct 8, 2018.
             Was a Priest of Vehumet.
             Killed by divine providence
             ... invoked by an orc priest
              (17 damage)
             ... on level 4 of the Dungeon.
             The game lasted 00:08:49 (3330 turns).

Amnesiac the Digger (Troll Earth Elementalist)      Turns: 3330, Time: 00:08:50

Health: -3/61      AC:  7    Str: 17    XL:     7   Next: 17%
Magic:  0/10       EV: 13    Int: 13    God:    Vehumet [***...]
Gold:   139        SH:  0    Dex: 10    Spells: 3/11 levels left

rFire    + . .     SeeInvis .     - Unarmed
rCold    + . .     Gourm    +   (no shield)
rNeg     . . .     Faith    .   c - +1 robe
rPois    .         Spirit   .   (helmet restricted)
rElec    .         Reflect  .   (no cloak)
rCorr    .         Harm     .   (gloves unavailable)
MR       .....                  (boots unavailable)
Stlth    +.........             (no amulet)
HPRegen  0.60/turn              j - ring of protection from fire
MPRegen  0.12/turn              g - +3 ring of evasion

@: lethally poisoned (-3 -> -3)
A: large, unfitting armour, claws 3, cold resistance 1, fast metabolism 3,
gourmand, regeneration 1, shaggy fur 2, tough skin 2
a: Renounce Religion


You were on level 4 of the Dungeon.
You worshipped Vehumet.
Vehumet was most pleased with you.
You were not hungry.

You visited 1 branch of the dungeon, and saw 4 of its levels.
You also visited: Sewer and Ossuary.

You collected 139 gold pieces.

Inventory:

Missiles
 b - 77 stones (quivered)
Armour
 c - a +1 robe (worn)
Jewellery
 f - an uncursed ring of see invisible
 g - a +3 ring of evasion (right claw)
 j - a ring of protection from fire (left claw)
Scrolls
 a - a scroll of magic mapping {!r}
 e - 3 scrolls of remove curse {!r}
 l - 3 scrolls of teleportation {!r}
 m - a scroll of fog {!r}
 q - a scroll of fear {!r}
 s - a scroll of blinking {!r}
 u - a scroll of summoning {!r}
 v - 2 scrolls of vulnerability {!r}
 w - a scroll of enchant weapon {!r}
Potions
 h - a potion of mutation {!q}
 i - a potion of brilliance {!q}
 k - 2 potions of heal wounds {!q}
 n - a potion of magic {!q}
 o - 3 potions of agility {!q}
 r - 2 potions of curing {!q}
 x - a potion of might {!q}
Comestibles
 d - 8 rations


   Skills:
 + Level 0.6 Fighting
 - Level 1.5 Dodging
 - Level 1.0 Stealth
 - Level 1.0 Unarmed Combat
 + Level 2.9 Spellcasting
 - Level 0.6 Transmutations
 * Level 6.2 Earth Magic


You had 3 spell levels left.
You knew the following spells:

 Your Spells              Type           Power        Failure   Level  Hunger
a - Sandblast             Erth           ###...       1%          1    #......
b - Passwall              Tmut/Erth      ##......     9%          2    ###....
d - Lee's Rapid Deconstr  Erth           ###.......   13%         5    ######.

Your spell library contained the following spells:

 Spells                   Type           Power        Failure   Level  Hunger
 Inner Flame              Hex/Fire       #.......     17%         3    ###....
 Stone Arrow              Conj/Erth      ##....       5%          3    ###....
 Petrify                  Tmut/Erth      ##......     50%         4    #####..


Dungeon Overview and Level Annotations

Branches:
Dungeon (4/15)
 Temple: D:4-7

Altars:
Dithmenos
Vehumet
Xom


Innate Abilities, Weirdness & Mutations

You are too large for most types of armour.
You have claws for hands.
Your metabolism is lightning-fast.
You like to eat raw meat.
Your natural rate of healing is unusually fast.
You are covered in thick fur. (AC +2)
You have very tough skin. (AC +2)
Your flesh is cold resistant. (rC+)


Message History

You kill the orc!
Vehumet accepts your kill.
You feel sick. The orc priest hits you with a club.
* * * LOW HITPOINT WARNING * * *
Casting: Sandblast (safe; 1% risk of failure)
Confirm with . or Enter, or press ? or * to list all spells.
You don't have enough magic to cast that spell.
You barely miss the orc priest.
The orc priest is moderately wounded.
You feel sick. The orc priest closely misses you.
Casting: Sandblast (safe; 1% risk of failure)
Confirm with . or Enter, or press ? or * to list all spells.
You don't have enough magic to cast that spell.
You barely miss the orc priest.
The orc priest is moderately wounded.
You feel sick. The orc priest hits you with a club.
* * * LOW HITPOINT WARNING * * *
Casting: Sandblast (safe; 1% risk of failure)
Confirm with . or Enter, or press ? or * to list all spells.
You don't have enough magic to cast that spell.
You scratch the orc priest.
The orc priest is heavily wounded.
Casting: Sandblast (safe; 1% risk of failure)
Confirm with . or Enter, or press ? or * to list all spells.
Aiming: Sandblast (safe; 1% risk of failure)
Press: ? - help, Shift-Dir - straight line, f/p - orc priest
Aim: an orc priest, wielding a club and wearing a ring mail (heavily wounded)
The blast of sand hits the orc priest.
The orc priest is heavily wounded.
b - 77 stones You feel sick.
The orc priest hits you but does no damage.
You scratch the orc priest.
The orc priest is almost dead.
You feel sick. The orc priest hits you with a club.
* * * LOW HITPOINT WARNING * * *
Casting: Sandblast (safe; 1% risk of failure)
Confirm with . or Enter, or press ? or * to list all spells.
You don't have enough magic to cast that spell.
You are too injured to fight recklessly!
Casting: Sandblast (safe; 1% risk of failure)
Confirm with . or Enter, or press ? or * to list all spells.
You don't have enough magic to cast that spell.
You are too injured to fight recklessly!
Casting: Sandblast (safe; 1% risk of failure)
Confirm with . or Enter, or press ? or * to list all spells.
You don't have enough magic to cast that spell.
You are too injured to fight recklessly!
You are too injured to fight recklessly!
You are too injured to fight recklessly!
Casting: Sandblast (safe; 1% risk of failure)
Confirm with . or Enter, or press ? or * to list all spells.
You don't have enough magic to cast that spell.
You are too injured to fight recklessly!
Casting: Sandblast (safe; 1% risk of failure)
Confirm with . or Enter, or press ? or * to list all spells.
You don't have enough magic to cast that spell.
You are too injured to fight recklessly!
You are too injured to fight recklessly!
You scratch the orc priest but do no damage.
The orc priest is almost dead.
The orc priest calls down the wrath of Beogh upon you.
Beogh smites you!
You die...

........# .#......#
# ..... .#...... #.
....# ......# ..
....# ......#
.##...# ......#
..)..# .#.#..###
....)..# ........#
#.##o)# .#....#.#
#.##@.# .##...#.#
#.##..# .##...#.#
#.##..# .###..#.#
#.##..# ........#
#.###.#
.##...#.#####.###.#
.##..>............#
.##..##.#########.#
###..##.# #.#


You could see an orc priest.

Vanquished Creatures
  Menkaure (Ossuary)
  A necrophage (D:4)
  2 big kobolds (Sewer)
  2 orc priests (D:4)
  2 mummies (Ossuary)
  7 adders
  3 river rats
  An ooze (D:2)
  3 worms
  A dart slug (D:4)
  3 leopard geckos
  4 orcs (D:4)
  8 bats
  7 giant cockroaches
  A gnoll zombie (Ossuary)
  15 jackals
  2 quokkas (D:2)
  A ball python (D:3)
  6 frilled lizards
  A gnoll skeleton (Ossuary)
  8 goblins
  3 goblin skeletons (Ossuary)
  5 goblin zombies (Ossuary)
  3 hobgoblin skeletons (Ossuary)
  A hobgoblin zombie (Ossuary)
  A jackal skeleton (D:4)
  11 kobolds
  3 kobold skeletons (Ossuary)
  3 kobold zombies (Ossuary)
  2 orc skeletons (Ossuary)
  5 orc zombies (Ossuary)
  15 rats
  4 rat skeletons (Ossuary)
  A rat zombie (Ossuary)
136 creatures vanquished.

Vanquished Creatures (others)
  A mummy (Ossuary)
  2 gnoll skeletons (Ossuary)
  A gnoll zombie (Ossuary)
  2 goblin skeletons (Ossuary)
  3 goblin zombies (Ossuary)
  A hobgoblin skeleton (Ossuary)
  3 hobgoblin zombies (Ossuary)
  A kobold zombie (Ossuary)
  2 orc skeletons (Ossuary)
  An orc zombie (Ossuary)
  2 rat skeletons (Ossuary)
19 creatures vanquished.

Grand Total: 155 creatures vanquished

Notes
Turn   | Place    | Note
-------+----------+-------------------------------------------
     0 | D:1      | Amnesiac the Troll Earth Elementalist began the quest for
                  | the Orb.
     0 | D:1      | Reached XP level 1. HP: 16/16 MP: 1/1
    71 | D:1      | Reached skill level 3 in Earth Magic
   108 | D:1      | Reached XP level 2. HP: 24/24 MP: 3/3
   117 | D:1      | Learned a level 2 spell: Passwall
   250 | D:2      | Reached XP level 3. HP: 24/31 MP: 4/4
   252 | D:2      | Found a radiant altar of Vehumet.
   264 | D:2      | Found a shimmering altar of Xom.
   281 | D:2      | Became a worshipper of Vehumet
  1125 | D:2      | Reached skill level 4 in Earth Magic
  1125 | D:2      | Reached XP level 4. HP: 36/39 MP: 5/5
  1216 | D:2      | Found a shadowy altar of Dithmenos.
  1233 | D:2      | Reached * piety under Vehumet
  1233 | D:2      | Offered knowledge of Shock by Vehumet.
  1682 | D:3      | Found a glowing drain.
  1750 | Sewer    | Entered a sewer
  1827 | Sewer    | Reached skill level 1 in Unarmed Combat
  1829 | Sewer    | Reached XP level 5. HP: 45/45 MP: 7/7
  1848 | Sewer    | Learned a level 5 spell: Lee's Rapid Deconstruction
  1938 | Sewer    | Reached ** piety under Vehumet
  1938 | Sewer    | Offered knowledge of Freeze by Vehumet.
  1938 | Sewer    | Reached skill level 5 in Earth Magic
  1948 | Sewer    | Reached XP level 6. HP: 35/53 MP: 0/8
  2249 | D:3      | Gained mutation: You are covered in thick fur. (AC +2)
                  | [potion of mutation]
  2249 | D:3      | Gained mutation: Your flesh is cold resistant. (rC+)
                  | [potion of mutation]
  2880 | D:4      | Found a sand-covered staircase.
  2887 | Ossuary  | Entered an ossuary
  2907 | Ossuary  | Reached skill level 6 in Earth Magic
  2969 | Ossuary  | Offered knowledge of Inner Flame by Vehumet.
  3113 | Ossuary  | Reached *** piety under Vehumet
  3164 | Ossuary  | Noticed Menkaure
  3175 | Ossuary  | Killed Menkaure
  3175 | Ossuary  | Reached XP level 7. HP: 38/61 MP: 3/10
  3330 | D:4      | Killed from afar by an orc priest

Vault maps used:
D:1:      elethiomel_arrival_shortcut, feat_on_display
D:2:      grunt_temple_overflow_open, nicolae_dithmenos_through_a_glass_darkly
D:3:      portal_sewer_entry_a
D:4:      overflow_temple_1_default, first_ration, chequers_ossuary_entry_cave,
          serial_shops, kennysheep_little_box, moated_statue
Sewer:    sewer_co_15_rooms
Ossuary:  ossuary_due_pyramid

Skill      XL: |  1  2  3  4  5  6 |
---------------+-------------------+-----
Earth Magic    | 3 4 5 6 |  6.2
Spellcasting   | 2 |  2.9
Unarmed Combat | 1 |  1.0
Fighting       | |  0.6
Dodging        | |  1.5
Stealth        | |  1.0
Transmutations | |  0.6

Action                   |  1- 3 |  4- 6 |  7- 9 || total
-------------------------+-------+-------+-------++-------
Melee: Unarmed           |   182 |   249 |     9 ||   440
       Punch             |       |     1 |       ||     1
 Cast: Sandblast         |       |    24 |    14 ||    38
  Use: Scroll            |       |     9 |     5 ||    14
       Potion            |       |     4 |       ||     4
 Stab: Sleeping          |     4 |     3 |       ||     7
       Distracted        |       |     1 |       ||     1
  Eat: Chunk             |    16 |    14 |       ||    30
Armor: Robe              |    75 |    55 |     4 ||   134
Dodge: Dodged            |   132 |   165 |     8 ||   305

Table legend:
 A = Non-vault XP
 B = Vault XP
 C = Vault XP percentage of total XP
 D = Non-vault monster count
 E = Vault monster count
 F = Vault count percentage of total count
                 A         B        C        D         E       F
            +---------+---------+-------+---------+---------+-------
      Total |     369 |     487 |  56.9 |      80 |      53 |  39.8
            +---------+---------+-------+---------+---------+-------
        D:1 |      44 |       0 |   0.0 |      26 |       0 |   0.0
        D:2 |      76 |       0 |   0.0 |      30 |       0 |   0.0
        D:3 |      30 |      49 |  62.0 |      15 |       7 |  31.8
        D:4 |     219 |       0 |   0.0 |       9 |       0 |   0.0
      Sewer |       0 |     280 | 100.0 |       0 |      14 | 100.0
    Ossuary |       0 |     158 | 100.0 |       0 |      32 | 100.0
            +---------+---------+-------+---------+---------+-------
